 Dungeon Crawl Stone Soup version 0.30.0-18-gc0e69614cb (webtiles) character file.

Game seed: 12673595158578947362

134 croobank the Insei (level 5, -4/40 HPs)
             Began as a Gnoll Transmuter on May 23, 2023.
             Killed by divine providence
             ... invoked by an orc priest
              (14 damage)
             ... on level 6 of the Dungeon.
             The game lasted 00:08:00 (2060 turns).

croobank the Insei (Gnoll Transmuter)               Turns: 2060, Time: 00:08:01

Health: -4/40      AC:  3    Str:  9    XL:     5   Next: 17%
Magic:  13/21      EV: 13    Int: 21    God:
Gold:   91         SH:  0    Dex: 12    Spells: 11/14 levels left

rFire   . . .        a - +1 short sword
rCold   . . .        (no shield)
rNeg    . . .        b - +1 robe "Usmein" {MP+9 Archmagi}
rPois   .            i - melded +1 helmet
rElec   .            (no cloak)
rCorr   .            (no gloves)
SInv    .            (boots currently unavailable)
Will    .....        (no amulet)
Stlth   ++           c - +6 ring of intelligence
HPRegen 0.26/turn    (no ring)
MPRegen 0.17/turn

%: archmagi
@: appendages (expiring)
A: horns 2, talons 2, fangs 1, strong nose, distributed training
a: End Transformation


You were on level 6 of the Dungeon.
You had temporarily grown beastly horns and talons.
You visited 1 branch of the dungeon, and saw 4 of its levels.

You collected 91 gold pieces.

Inventory:

Hand Weapons
 a - a +1 short sword (weapon)
 e - a +0 mace
 g - a +0 dagger
 k - a +0 sling
Missiles
 l - 5 poisoned darts
Armour
 b - the +1 robe "Usmein" (worn) {MP+9 Archmagi}
   (You found it on level 6 of the Dungeon)

   MP:        It affects your magic capacity (+9).
   Archmagi:  It increases the power of your magical spells.
 f - a +0 robe
 i - a +1 helmet (melded)
 o - a +0 ring mail
Jewellery
 c - a +6 ring of intelligence (left hand)
Scrolls
 d - a scroll of poison
 h - 2 scrolls of identify
Potions
 j - 2 potions of curing


   Skills:
 + Level 2.9 Fighting
 + Level 1.4 Short Blades
 + Level 1.4 Long Blades
 + Level 1.4 Axes
 + Level 1.4 Maces & Flails
 + Level 1.4 Polearms
 + Level 1.4 Staves
 + Level 1.4 Ranged Weapons
 + Level 1.4 Throwing
 + Level 1.4 Armour
 + Level 4.7 Dodging
 + Level 1.4 Stealth
 + Level 1.4 Shields
 + Level 6.7 Unarmed Combat
 + Level 5.2 Spellcasting
 + Level 1.1 Conjurations
 + Level 1.1 Hexes
 + Level 1.1 Summonings
 + Level 1.1 Necromancy
 + Level 1.1 Translocations
 + Level 3.9 Transmutations
 + Level 1.1 Fire Magic
 + Level 1.1 Ice Magic
 + Level 1.1 Air Magic
 + Level 1.1 Earth Magic
 + Level 1.1 Poison Magic
 + Level 1.6 Invocations
 + Level 1.4 Evocations


You had 11 spell levels left.
You knew the following spells:

 Your Spells              Type           Power      Damage    Failure   Level
a - Beastly Appendage     Tmut           66%        N/A       1%          1
b - Wereblood             Tmut           33%        N/A       3%          2

Your spell library contained the following spells:

 Spells                   Type           Power      Damage    Failure   Level
 Spider Form              Tmut/Pois      24%        N/A       11%         3
 Vhi's Electric Charge    Tloc/Air       30%        N/A       21%         3
 Ice Form                 Ice/Tmut       24%        N/A       36%         4
 Arcjolt                  Conj/Air       7%         1d17      88%         5
 Plasma Beam              Fire/Air       7%         2x1d20    100%        6


Dungeon Overview and Level Annotations

Branches:
Dungeon (3/15)

Altars:


Innate Abilities, Weirdness & Mutations

You have temporarily grown beastly horns and talons.
You have very sharp teeth.
Your uncanny sense of smell can sniff out nearby items.
Your experience applies equally to all skills.


Message History

An orc and an orc priest come into view.
Found a bloodstained robe.
You see here the +1 robe "Usmein" {MP+9 Archmagi}.
You start removing your armour.
You continue taking off your +0 robe. x4
You finish taking off your +0 robe.
You start putting on your armour.
You continue putting on the +1 robe "Usmein" {MP+9 Archmagi}. x2
Magic restored.
You continue putting on the +1 robe "Usmein" {MP+9 Archmagi}. x3
You finish putting on the +1 robe "Usmein" {MP+9 Archmagi}.
You feel powerful.
Your primal bloodlust is almost over.
The orc priest shouts!
An orc comes into view. It is wielding a +0 war axe.
An orc comes into view. It is wielding a +0 whip.
The orc shouts! x2; You hear a shout! x2
The orc shouts!
You hit the orc priest but do no damage.
Your kick misses the orc priest.
You headbutt the orc priest, but do no damage.
The orc priest closely misses you.
You hit the orc priest but do no damage.
You claw the orc priest.
The orc priest is moderately wounded.
An orc priest comes into view. It is wielding a +0 morningstar.
The orc priest completely misses you.
You hit the orc priest. Your kick misses the orc priest.
The orc priest is moderately wounded.
Your transformation is almost over.
The orc hits you with a +0 war axe. The orc attacks as you move away!
The orc hits you with a +0 war axe.
Your primal bloodlust has ended.
The orc attacks as you move away! The orc hits you with a +0 war axe!
The orc attacks as you move away! The orc barely misses you.
The orc priest mumbles some strange prayers to Beogh against you.
Beogh smites you!
* * * LOW HITPOINT WARNING * * *
The orc priest mumbles some strange prayers to Beogh against you.
Beogh smites you!
You die...

###### #########.....
#......##.####
###.......#.####
#######o.....#.......#
#....@oo...#....#.##.#
#.##.##.#o.###..#.# .
#. #.#.......#.. . #.
..#.......#####.
#.##.##o###### #. #.
#.##.# .. ... .# #. ##


You could see an orc priest and 3 orcs.

Vanquished Creatures
  A jelly (D:6)
  A sleepcap (D:6)
  A gnoll (D:6)
  A worm (D:2)
  2 dart slugs
  7 endoplasms
  2 giant cockroaches
  5 goblins
  4 hobgoblins (D:1)
  8 jackals
  6 kobolds
  5 ball pythons
  6 bats
  3 frilled lizards (D:1)
  4 rats
  A spectral kobold (D:1)
57 creatures vanquished.

Notes
Turn   | Place    | Note
-------+----------+-------------------------------------------
     0 | D:1      | croobank the Gnoll Transmuter began the quest for the Orb.
     0 | D:1      | Reached XP level 1. HP: 17/17 MP: 6/6
    65 | D:1      | Reached XP level 2. HP: 23/23 MP: 5/7
    68 | D:1      | Learned a level 2 spell: Wereblood
   253 | D:1      | Found a faded altar of an unknown god.
   509 | D:1      | Reached skill level 5 in Spellcasting
   509 | D:1      | Reached XP level 3. HP: 28/28 MP: 4/9
   694 | D:1      | Reached skill level 1 in Invocations
  1109 | D:2      | Reached skill level 1 in Short Blades
  1109 | D:2      | Reached skill level 1 in Long Blades
  1109 | D:2      | Reached skill level 1 in Axes
  1109 | D:2      | Reached skill level 1 in Maces & Flails
  1109 | D:2      | Reached skill level 1 in Polearms
  1109 | D:2      | Reached skill level 1 in Staves
  1109 | D:2      | Reached skill level 1 in Ranged Weapons
  1109 | D:2      | Reached skill level 1 in Throwing
  1109 | D:2      | Reached skill level 1 in Armour
  1109 | D:2      | Reached skill level 1 in Stealth
  1109 | D:2      | Reached skill level 1 in Shields
  1109 | D:2      | Reached skill level 1 in Evocations
  1291 | D:2      | Reached XP level 4. HP: 34/34 MP: 7/11
  1827 | D:3      | You fall into a shaft and drop 3 floors!
  1855 | D:6      | Reached skill level 1 in Conjurations
  1855 | D:6      | Reached skill level 1 in Hexes
  1855 | D:6      | Reached skill level 1 in Summonings
  1855 | D:6      | Reached skill level 1 in Necromancy
  1855 | D:6      | Reached skill level 1 in Translocations
  1855 | D:6      | Reached skill level 1 in Fire Magic
  1855 | D:6      | Reached skill level 1 in Ice Magic
  1855 | D:6      | Reached skill level 1 in Air Magic
  1855 | D:6      | Reached skill level 1 in Earth Magic
  1855 | D:6      | Reached skill level 1 in Poison Magic
  1910 | D:6      | Reached XP level 5. HP: 13/40 MP: 12/12
  2039 | D:6      | Identified the +1 robe "Usmein" {MP+9 Archmagi}
  2060 | D:6      | Killed from afar by an orc priest

Illustrated notes

Levels and vault maps discovered:
D:1:      dpeg_arrival_morbid_curiosity, layout_rooms,
          dreamdust_ecumenical_altar_drowned_temple
D:2:      layout_basic, st_stairs_3
D:3:      minmay_skewed_foursquare, layout_basic, serial_shops, shop,
          guppyfry_early_orc_mine
D:6:      layout_loops_cross, lemuel_crystal_altar, nicolae_grassy_gnolls,
          uniq_maggie

Skill      XL: |  1  2  3  4 |
---------------+-------------+-----
Spellcasting   | 5 |  5.2
Invocations    | 1 |  1.6
Short Blades   | 1 |  1.4
Long Blades    | 1 |  1.4
Axes           | 1 |  1.4
Maces & Flails | 1 |  1.4
Polearms       | 1 |  1.4
Staves         | 1 |  1.4
Ranged Weapons | 1 |  1.4
Throwing       | 1 |  1.4
Armour         | 1 |  1.4
Stealth        | 1 |  1.4
Shields        | 1 |  1.4
Evocations     | 1 |  1.4
Conjurations   | 1 |  1.1
Hexes          | 1 |  1.1
Summonings     | 1 |  1.1
Necromancy     | 1 |  1.1
Translocations | 1 |  1.1
Fire Magic     | 1 |  1.1
Ice Magic      | 1 |  1.1
Air Magic      | 1 |  1.1
Earth Magic    | 1 |  1.1
Poison Magic   | 1 |  1.1
Fighting       | |  2.9
Dodging        | |  4.7
Unarmed Combat | |  6.7
Transmutations | |  3.9

Action                     |  1- 3 |  4- 6 || total
---------------------------+-------+-------++-------
  Melee: Unarmed           |    14 |       ||    14
         Headbutt          |    15 |     7 ||    22
         Bite              |     8 |     2 ||    10
         Kick              |    15 |     5 ||    20
         Mace              |    20 |       ||    20
         Short sword       |    62 |    47 ||   109
         Punch             |     3 |     2 ||     5
   Cast: Beastly Appendage |    18 |     9 ||    27
         Wereblood         |    15 |     6 ||    21
    Use: Scroll            |       |     4 ||     4
         Potion            |       |     3 ||     3
 Armour: Robe              |    35 |       ||    35
         Skin              |       |     8 ||     8
  Dodge: Dodged            |    99 |    22 ||   121
